 Dungeon Crawl Stone Soup version 0.31.0-11-ge490571c62 (webtiles) character file.

Game seed: 14925745813891197102

117 qw the Skirmisher (level 4, -5/25 HPs)
             Began as a Deep Elf Hunter on Feb 5, 2024.
             Blown up by Ijyb (12 damage)
             ... with a mindburst bolt
             ... on level 3 of the Dungeon.
             The game lasted 00:00:45 (2241 turns).

qw the Skirmisher (Deep Elf Hunter)                 Turns: 2241, Time: 00:00:45

Health: -5/25      AC:  4    Str: 10    XL:     4   Next: 71%
Magic:  6/6        EV: 13    Int: 14    God:
Gold:   133        SH:  0    Dex: 18    Spells: 3/3 levels left

rFire   . . .        a - +0 shortbow
rCold   + . .        (shield currently unavailable)
rNeg    . . .        b - +2 robe {rC+}
rPois   .            (no helmet)
rElec   .            (no cloak)
rCorr   .            (no gloves)
SInv    .            (no boots)
Will    .....        (no amulet)
Stlth   ++           (no ring)
HPRegen 0.24/turn    (no ring)
MPRegen 0.10/turn

%: no passive effects
@: no status effects
A: no striking features
a: no special abilities


You were on level 3 of the Dungeon.
You visited 1 branch of the dungeon, and saw 3 of its levels.

You collected 175 gold pieces.
You spent 42 gold pieces at shops.


   Skills:
 - Level 1.5 Fighting
 - Level 8.0 Ranged Weapons
 + Level 2.8 Dodging
 - Level 1.2 Stealth


You had 3 spell levels left.
You didn't know any spells.
Your spell library was empty.

Inventory:

Hand Weapons
 a - a +0 shortbow (weapon)
Armour
 b - a +2 robe of cold resistance (worn)
 c - a +0 ring mail
Jewellery
 f - a +6 ring of intelligence
Scrolls
 h - 3 scrolls of teleportation
Potions
 d - 2 potions of enlightenment {unknown}
 e - a potion of might {unknown}

Dungeon Overview and Level Annotations

Branches:
Dungeon (3/15)

Altars:

Shops:
D:1 (?

Annotations:
D:3 Ijyb


Message History

The orc is lightly wounded.
The orc hits you with a +0 whip. The orc hits you with a +0 short sword.
You shoot an arrow. The arrow hits the orc!
You kill the orc!
The orc hits you with a +0 whip.
You shoot an arrow. The arrow closely misses the orc.
The orc hits you with a +0 whip.
You shoot an arrow. The arrow hits the orc.
The orc is moderately wounded.
The orc hits you with a +0 whip.
You shoot an arrow. The arrow hits the orc!
You kill the orc!
You start resting.
HP restored.
Things that are here:
a +0 whip; a +0 leather armour
Items here: %%% ))).
Ijyb the Twisted Goblin comes into view.
She is wielding a +4 club and carrying a wand of mindburst.
You shoot an arrow. The arrow hits Ijyb but does no damage.
Ijyb shouts!
You shoot an arrow. The arrow closely misses Ijyb.
You shoot an arrow. The arrow hits Ijyb but does no damage.
Ijyb zaps a wand.
You barely resist. You shoot an arrow. The arrow closely misses Ijyb.
You shoot an arrow. The arrow hits Ijyb but does no damage.
Ijyb screams, "Level is mine!
All mine!"
You shoot an arrow. The arrow hits Ijyb but does no damage.
You shoot an arrow. The arrow hits Ijyb.
Ijyb is lightly wounded.
Ijyb zaps a wand.
Your mind is blasted!
Ouch! That really hurt!
You shoot an arrow. The arrow hits Ijyb!
Ijyb is heavily wounded.
You shoot an arrow. The arrow hits Ijyb.
Ijyb is severely wounded.
Ijyb hits you but does no damage.
You shoot an arrow. The arrow hits Ijyb but does no damage.
Ijyb is severely wounded.
Ijyb zaps a wand.
Your mind is blasted!
You die...

.###### .##...# .# ....#.# .#
###...# .# ##.## .# #.# .# #.#
.# #.# ####g# ## #.# #..@.# #.
#.# #.#### #. #. #.# #.# #.#
#. #.# #.# #.# ###.
#.#########.# #.###.#.
#...........# #.##....
#..####.#.#############.#.....
#..# #...............##...#.##
#..# #..#.##########.#.#.#.#.#


You could see Ijyb.

Vanquished Creatures
  Jessica (D:2)
  3 adders
  A ribbon worm (D:2)
  3 dart slugs
  5 orcs (D:3)
  6 bats
  5 endoplasms
  3 giant cockroaches (D:1)
  5 goblins
  A hobgoblin (D:2)
  2 jackals (D:1)
  A quokka (D:1)
  4 ball pythons
  3 frilled lizards (D:1)
  2 kobolds (D:1)
  6 rats
51 creatures vanquished.

Notes
Turn   | Place    | Note
-------+----------+-------------------------------------------
     0 | D:1      | qw the Deep Elf Hunter began the quest for the Orb.
     0 | D:1      | Reached XP level 1. HP: 12/12 MP: 3/3
     0 | D:1      | 0 ||| qw: Version: 0.3-a-160-g6735b56
     0 | D:1      | 0 ||| qw: Game counter: 6517
     0 | D:1      | 0 ||| qw: Melee chars always use a shield: true
     0 | D:1      | 0 ||| qw: God list: Okawaru
     0 | D:1      | 0 ||| qw: Allow faded altars: false
     0 | D:1      | 0 ||| qw: Do Orc after clearing Dungeon:15 true
     0 | D:1      | 0 ||| qw: Do second Lair branch before Depths: true
     0 | D:1      | 0 ||| qw: Lair rune preference: random
     0 | D:1      | 0 ||| qw: Goals: Normal
     0 | D:1      | 0 ||| PLANNING D:1-11
    98 | D:1      | Reached skill level 6 in Ranged Weapons
    98 | D:1      | Reached XP level 2. HP: 16/16 MP: 4/4
   232 | D:1      | Found Goniemmi's Weapon Boutique.
   324 | D:1      | Found a faded altar of an unknown god.
   574 | D:1      | Found Raklui's Magic Scroll Emporium.
   588 | D:1      | Reached XP level 3. HP: 17/20 MP: 5/5
   599 | D:1      | 599 ||| SHOPLISTING 3 scrolls of identify (84 gold, have
                  | 47).
   599 | D:1      | 599 ||| BUYING scroll of teleportation (42 gold).
   599 | D:1      | Bought a scroll of teleportation for 42 gold pieces
   599 | D:1      | 599 ||| SHOPLISTING scroll of teleportation (42 gold, have
                  | 5).
   694 | D:1      | 694 ||| READING scroll labelled MAUGIE DOGIHUXOO.
   695 | D:1      | 695 ||| READING scroll labelled QAJ GIREGUNG.
   732 | D:1      | 732 ||| READING scroll labelled SEWOMOLUFO.
   833 | D:1      | 833 ||| DROPPING scroll of butterflies.
  1023 | D:2      | Reached skill level 7 in Ranged Weapons
  1105 | D:2      | Noticed Jessica
  1110 | D:2      | Killed Jessica
  1111 | D:2      | Reached XP level 4. HP: 20/25 MP: 6/6
  1443 | D:2      | 1443 ||| UPGRADING to +2 robe of cold resistance.
  1460 | D:2      | 1460 ||| DROPPING +0 leather armour.
  1737 | D:2      | 1737 ||| DROPPING ring of flight.
  1905 | D:3      | Reached skill level 8 in Ranged Weapons
  1977 | D:3      | 1977 ||| FLEEEEING.
  2231 | D:3      | Noticed Ijyb
  2241 | D:3      | Blown up by Ijyb

Levels and vault maps discovered:
D:1:      dpeg_arrival_round_a, layout_loops_ring,
          ebering_ecumenical_altar_webs, serial_shops, nicolae_shop_crystal,
          nicolae_shop_statue_plus
D:2:      layout_loops_corners, serial_glass, glass_columns_b, glass_columns_a,
          serial_bayou_pond_c, dreamdust_princess_corridor, uniq_jessica
D:3:      layout_loops_ring, st_stairs_9, uniq_ijyb

Skill      XL: |  1  2  3  4 |
---------------+-------------+-----
Ranged Weapons | 6 7 8 |  8.0
Fighting       | |  1.5
Dodging        | |  2.8
Stealth        | |  1.2

Action                     |  1- 3 |  4- 6 || total
---------------------------+-------+-------++-------
   Fire: Shortbow          |   112 |    56 ||   168
    Use: Scroll            |     3 |       ||     3
 Armour: Leather armour    |    34 |       ||    34
         Robe              |       |    12 ||    12
  Dodge: Dodged            |    30 |     8 ||    38

Table legend:
 A = Non-vault XP
 B = Vault XP
 C = Vault XP percentage of total XP
 D = Non-vault monster count
 E = Vault monster count
 F = Vault count percentage of total count
                 A         B        C        D         E       F
            +---------+---------+-------+---------+---------+-------
      Total |     115 |      53 |  31.5 |      48 |       3 |   5.9
            +---------+---------+-------+---------+---------+-------
        D:1 |      46 |       0 |   0.0 |      27 |       0 |   0.0
        D:2 |      32 |      37 |  53.6 |      10 |       1 |   9.1
        D:3 |      37 |      16 |  30.2 |      11 |       2 |  15.4
            +---------+---------+-------+---------+---------+-------
